 Dungeon Crawl Stone Soup version 0.28.0-43-g3370ac3207 (webtiles) character file.

Game seed: 8808107903926312267

50 Revguard the Ducker (level 3, -9/28 HPs)
             Began as a Demonspawn Gladiator on Mar 9, 2022.
             Mangled by a small abomination (20 damage)
             ... created by the touch of Lugonu
             ... on level 2 of the Dungeon.
             The game lasted 00:03:58 (17425 turns).

Revguard the Ducker (Demonspawn Gladiator)         Turns: 17425, Time: 00:03:59

Health: -9/28      AC:  6    Str: 14    XL:     3   Next: 55%
Magic:  3/3        EV: 12    Int:  9    God:
Gold:   64         SH:  0    Dex: 16    Spells: 2/2 levels left

rFire   . . .      SeeInvis .   a - +0 war axe
rCold   . . .      Faith    .   (no shield)
rNeg    . . .      Spirit   .   b - +0 leather armour
rPois   .          Reflect  .   c - +0 helmet
rElec   .          Harm     .   (no cloak)
rCorr   .          Rampage  .   (no gloves)
Will    .....                   (no boots)
Stlth   +.........              (no amulet)
HPRegen 0.09/turn               (no ring)
MPRegen 0.08/turn               (no ring)

@: bezotted
A: yellow scales 1, foul stench 1
a: no special abilities


You were on level 2 of the Dungeon.
You visited 1 branch of the dungeon, and saw 3 of its levels.
You visited the Abyss 1 time.

You collected 64 gold pieces.

Inventory:

Hand Weapons
 a - a +0 war axe (weapon)
Missiles
 d - 3 throwing nets (quivered)
Armour
 b - a +0 leather armour (worn)
 c - a +0 helmet (worn)
Scrolls
 e - 2 scrolls of identify {unknown}
Potions
 f - a potion of curing {unknown}
 g - a potion of resistance {unknown}


   Skills:
 + Level 2.4 Fighting
 + Level 3.0 Axes
 - Level 1.7 Throwing
 * Level 1.6 Armour
 + Level 3.0 Dodging


You had 2 spell levels left.
You didn't know any spells.
Your spell library was empty.

Dungeon Overview and Level Annotations

Branches:
Dungeon (3/15)

Altars:
Lugonu


Innate Abilities, Weirdness & Mutations

You are partially covered in yellow scales. (AC +2)
You may rarely emit foul miasma when damaged in melee.


Message History

You slash the bat!
You kill the bat!
You see here a bat corpse.
Lugonu draws you home! Lugonu sends minions to punish you.
The divine experience drains your vigour!
You feel yourself slow down.
A small abomination comes into view.
You are cast into the Abyss!
Zot has no power in the Abyss.
This branch contains the abyssal rune of Zot.
You feel yourself speed up.
Found a gateway leading out of the Abyss.
There is a gateway leading out of the Abyss here.
You have just 615 turns in the Dungeon to find a new floor before Zot consumes you.
Enter next level anyway?
Okay, then.
Unknown command.
You have just 615 turns in the Dungeon to find a new floor before Zot consumes you.
Enter next level anyway?
You pass through the gate.
Welcome back to the Dungeon!
Zot's attention fixes on you again.
Descend or flee this branch!
The small abomination barely misses you.
You slash the small abomination!
The small abomination is moderately damaged.
The small abomination hits you! The small abomination hits you.
You hit the small abomination but do no damage.
The small abomination is moderately damaged.
The small abomination hits you but does no damage.
The small abomination hits you.
You closely miss the small abomination.
The small abomination is moderately damaged.
The small abomination barely misses you.
The small abomination closely misses you.
You barely miss the small abomination.
The small abomination is moderately damaged.
The small abomination barely misses you.
The small abomination hits you!!
Ouch! That really hurt!
You die...

#.#.# #... ...
#.#.####.##
....##.#.#.....
.........#.##.#
...##.#†...#.#
...#.#....#.#
#.#.#.##.#.#
#.....(..#.#####
###.#.#..#..x@.#
#.#.#..#####.#
###.#.#..##.†..#
#.....#..##.####
#.#.#######.#
#.#.........#
#.########### #.
#.


You could see a small abomination.

Vanquished Creatures
  An adder (D:2)
  2 worms (D:2)
  A dart slug (D:1)
  A ball python (D:2)
  An endoplasm (D:1)
  A giant cockroach (D:1)
  5 goblins (D:1)
  6 hobgoblins
  3 jackals (D:1)
  2 kobolds
  3 bats
  4 rats (D:1)
30 creatures vanquished.

Notes
Turn   | Place    | Note
-------+----------+-------------------------------------------
     0 | D:1      | Revguard the Demonspawn Gladiator began the quest for the
                  | Orb.
     0 | D:1      | Reached XP level 1. HP: 16/16 MP: 1/1
    66 | D:1      | Gained mutation: You are partially covered in yellow
                  | scales. (AC +2) [demonic ancestry]
    66 | D:1      | Reached XP level 2. HP: 9/20 MP: 2/2
   356 | D:1      | Reached skill level 1 in Armour
   447 | D:1      | Found a faded altar of an unknown god.
   457 | D:1      | Prayed at the altar of an unknown god.
   457 | D:1      | Became a worshipper of Lugonu the Unformed
   457 | D:1      | Reached * piety under Lugonu
   457 | D:1      | Reached ** piety under Lugonu
  4984 | D:1      | Glimpsed the power of Zot.
 10980 | D:2      | Glimpsed the power of Zot.
 16264 | D:2      | Gained mutation: You may rarely emit foul miasma when
                  | damaged in melee. [demonic ancestry]
 16264 | D:2      | Reached XP level 3. HP: 27/28 MP: 3/3
 16977 | D:2      | Glimpsed the power of Zot.
 17221 | D:2      | Fell from the grace of Lugonu
 17357 | D:2      | Noticed a small abomination
 17357 | D:2      | Cast into level 1 of the Abyss (Lugonu's touch)
 17415 | D:2      | Escaped the Abyss
 17425 | D:2      | Mangled by a small abomination

Illustrated notes

Levels and vault maps discovered:
D:1:      zelgadis_glass_arrival_small, layout_rooms,
          dreamdust_ecumenical_altar_statues
D:2:      layout_basic, serial_shops, nicolae_shop_hallway_plus
D:3:      layout_basic, mainiacjoe_overflow_tiny_flanked,
          nicolae_gozag_seed_capital

Skill      XL: |  1  2 |
---------------+-------+-----
Armour         | 1 |  1.6
Dodging        | 3 |  3.0
Axes           | 3 |  3.0
Fighting       | |  2.4
Throwing       | |  1.7

Action                   || total
-------------------------++-------
Melee: War axe           ||    74
Invok: Renounce Religion ||     1
 Stab: Sleeping          ||     1
Armor: Leather armour    ||    31
Dodge: Dodged            ||    72
